 Dungeon Crawl Stone Soup version 0.31-a0-66-ge618eeaa78 (webtiles) character file.

Game seed: 5986158471509008905

411 Strat the Digger (level 7, 0/50 HPs)
             Began as a Meteoran Earth Elementalist on May 22, 2023.
             Was an Initiate of Ashenzari.
             Slain by a killer bee (7 damage)
             ... on level 5 of the Dungeon.
             The game lasted 00:10:30 (1684 turns).

Strat the Digger (Meteoran Earth Elementalist)      Turns: 1684, Time: 00:10:31

Health: 0/50       AC:  2    Str:  9    XL:     7   Next: 36%
Magic:  13/17      EV: 12    Int: 19    God:    Ashenzari [......]
Gold:   159        SH:  0    Dex: 15    Spells: 8/18 levels left

rFire   . . .        c - +0 short sword
rCold   . . .        (no shield)
rNeg    . . .        a - +0 robe
rPois   .            (no helmet)
rElec   .            (no cloak)
rCorr   .            (no gloves)
SInv    .            (no boots)
Will    .....        (no amulet)
Stlth   +            (no ring)
HPRegen 0.28/turn    (no ring)
MPRegen 0.15/turn

%: no passive effects
@: lethally poisoned (0 -> -7), glowing
A: sense surroundings 1, otherworldly, glowing, explore regen
a: Renounce Religion


You were on level 5 of the Dungeon.
You worshipped Ashenzari.
Ashenzari was noncommittal.
You visited 1 branch of the dungeon, and saw 5 of its levels.

You collected 159 gold pieces.

Inventory:

Hand Weapons
 c - a +0 short sword (weapon)
Armour
 a - a +0 robe (worn)
 r - a +0 buckler
Magical Staves
 d - a staff of earth
Jewellery
 f - a ring of fire
 l - the ring "Yjitz" {Ice rN+}
   (You found it on level 3 of the Dungeon)

   [ring of ice]

   It enhances your ice magic.
   rF:        It makes you vulnerable to fire.
   rC:        It protects you from cold.
   rN:        It protects you from negative energy.
Scrolls
 e - 3 scrolls of teleportation {unknown}
 g - a scroll of butterflies {unknown}
 h - a scroll of blinking {unknown}
 j - a scroll of enchant weapon {unknown}
 n - a scroll of enchant armour {unknown}
 o - a scroll of noise {unknown}
 p - a scroll of acquirement {unknown}
Potions
 b - 2 potions of magic
 i - a potion of might {unknown}
 k - a potion of brilliance {unknown}
 m - a potion of curing {unknown}
 q - a potion of enlightenment {unknown}
 s - a potion of haste {unknown}


   Skills:
 - Level 2.4 Dodging
 - Level 1.4 Stealth
 + Level 6.4 Spellcasting
 - Level 1.2 Transmutations
 + Level 6.8 Earth Magic


You had 8 spell levels left.
You knew the following spells:

 Your Spells              Type           Power      Damage    Failure   Level
a - Sandblast             Erth           64%        2d14      1%          1
b - Passwall              Tmut/Erth      15%        N/A       4%          2
c - Stone Arrow           Conj/Erth      32%        3d9       11%         3
d - Petrify               Tmut/Erth      18%        N/A       28%         4

Your spell library contained the following spells:

 Spells                   Type           Power      Damage    Failure   Level
 Magic Dart               Conj           24%        1d4       11%         1
 Summon Small Mammal      Summ           24%        N/A       11%         1
 Call Imp                 Summ           12%        N/A       16%         2
 Lesser Beckoning         Tloc           12%        N/A       16%         2
 Cigotuvi's Dreadful Rot  Necr/Pois/Air  4%         N/A       26%         2
 Call Canine Familiar     Summ           6%         N/A       32%         3
 Gell's Gravitas          Tloc           6%         N/A       32%         3
 Teleport Other           Tloc           6%         N/A       32%         3
 Summon Guardian Golem    Hex/Summ       3%         N/A       41%         3
 Mephitic Cloud           Conj/Pois/Air  2%         N/A       45%         3
 Dispel Undead            Necr           6%         3d8       71%         4
 Death Channel            Necr           3%         N/A       100%        6


Dungeon Overview and Level Annotations

Branches:
Dungeon (5/15) Zot: 1207
 Temple: D:4-7

Altars:
Ashenzari

Annotations:
D:5 3 runed translucent doors, Eustachio; Sans23's ghost, novice HuBe


Innate Abilities, Weirdness & Mutations

You passively map a small area around you.
You are easily found by Zot.
You glow in the dark.
You regain HP and MP as you explore.


Message History

The blast of sand hits the killer bee!
You kill the killer bee!
You feel very sick.
Casting: Sandblast (safe; 1% risk of failure)
Confirm with . or Enter, or press ? or * to list all spells.
Aiming: Sandblast (safe; 1% risk of failure)
Press: ? - help, Shift-Dir - straight line, f - killer bee
Aim: a killer bee (67% to hit)
The blast of sand misses the killer bee.
The blast of sand hits the ogre!!
The ogre is severely wounded.
You feel sick. The killer bee stings you!
* * * LOW HITPOINT WARNING * * *
You are more poisoned.
The killer bee poisons you!
The killer bee stings you but does no damage.
The killer bee barely misses you.
Casting: Sandblast (safe; 1% risk of failure)
Confirm with . or Enter, or press ? or * to list all spells.
Aiming: Sandblast (safe; 1% risk of failure)
Press: ? - help, Shift-Dir - straight line, f/p - killer bee
Aim: a killer bee (67% to hit)
The blast of sand hits the killer bee.
The killer bee is moderately wounded.
You feel very sick. The killer bee misses you. The killer bee stings you.
* * * LOW HITPOINT WARNING * * *
The killer bee stings you!
* * * LOW HITPOINT WARNING * * *
Casting: Sandblast (safe; 1% risk of failure)
Confirm with . or Enter, or press ? or * to list all spells.
Aiming: Sandblast (safe; 1% risk of failure)
Press: ? - help, Shift-Dir - straight line, f/p - killer bee
Aim: a killer bee (moderately wounded, 67% to hit)
The blast of sand hits the killer bee!
The killer bee is almost dead.
* * * LOW HITPOINT WARNING * * *
You feel very sick. The killer bee stings you!
You die...

#...<.# #....## #.....#
#.....####
..######.#.#######........#*
..gg.......))).............
...##.###.######...(..#####
.., #.....#.....#### ..h,
#.............## * ##.
.......h........# * *#
#.........@O.....#
##.........y.....# ,
,..[...........# *
..............#* *
................ ,
#.....#.........
#######.####...# , #.# .#. ,
, ,


You could see an ogre, a howler monkey and a killer bee.

Vanquished Creatures
  A scorpion (D:5)
  A killer bee (D:5)
  An orc priest (D:3)
  An iguana (D:5)
  5 adders
  12 gnolls
  An ufetubus (D:4)
  A dart slug (D:2)
  7 orcs
  10 ball pythons
  4 endoplasms
  3 giant cockroaches
  9 goblins
  9 hobgoblins (D:3)
  3 jackals (D:4)
  2 quokkas
  5 bats
  3 frilled lizards (D:3)
  6 kobolds
  4 rats
88 creatures vanquished.

Notes
Turn   | Place    | Note
-------+----------+-------------------------------------------
     0 | D:1      | Strat the Meteoran Earth Elementalist began the quest for
                  | the Orb.
     0 | D:1      | Reached XP level 1. HP: 14/14 MP: 5/5
   337 | D:2      | Reached XP level 2. HP: 20/20 MP: 7/7
   340 | D:2      | Learned a level 2 spell: Passwall
   459 | D:2      | Reached XP level 3. HP: 26/26 MP: 6/8
   576 | D:3      | Reached XP level 4. HP: 19/33 MP: 7/11
   650 | D:3      | Reached skill level 5 in Earth Magic
   712 | D:3      | Identified the ring "Yjitz" {Ice rN+}
   748 | D:3      | Found a broken altar of Ashenzari.
   757 | D:3      | Became a worshipper of Ashenzari the Shackled
   785 | D:3      | Reached XP level 5. HP: 32/38 MP: 10/12
  1284 | D:3      | Reached skill level 5 in Spellcasting
  1290 | D:3      | Learned a level 3 spell: Stone Arrow
  1295 | D:3      | Learned a level 4 spell: Petrify
  1329 | D:3      | Reached XP level 6. HP: 31/45 MP: 7/14
  1528 | D:4      | Noticed a black bear
  1535 | D:5      | Entered Level 5 of the Dungeon
  1547 | D:5      | HP: 1/45 [poisoned by a scorpion]
  1548 | D:5      | Reached XP level 7. HP: 1/50 MP: 5/16
  1574 | D:5      | Noticed Sans23's ghost (novice HuBe)
  1574 | D:5      | Noticed a shadow
  1585 | D:5      | Found a runed translucent gate.
  1585 | D:5      | Found a runed translucent gate.
  1587 | D:5      | Found a runed translucent gate.
  1614 | D:5      | Noticed Eustachio
  1684 | D:5      | Slain by a killer bee

Illustrated notes

Levels and vault maps discovered:
D:1:      nagdon_arrival_double_spiral, layout_basic
D:2:      layout_basic, minmay_misc_feat_roman
D:3:      cheibrodos_greedy_goblins, layout_loops_ring,
          cheibrodos_ashenzari_chains, minmay_box_of_dots
D:4:      layout_rooms
D:5:      layout_rooms, gammafunk_ghost_split, kennysheep_generic_room_13,
          uniq_eustachio

Skill      XL: |  1  2  3  4  5  6  7 |
---------------+----------------------+-----
Spellcasting   | 3 4 5 6 |  6.4
Earth Magic    | 4 5 6 |  6.8
Dodging        | |  2.4
Stealth        | |  1.4
Transmutations | |  1.2

Action                     |  1- 3 |  4- 6 |  7- 9 || total
---------------------------+-------+-------+-------++-------
  Melee: Unarmed           |     2 |       |       ||     2
         Short sword       |     1 |       |       ||     1
   Cast: Sandblast         |    35 |    85 |    18 ||   138
 Armour: Robe              |     6 |    16 |     4 ||    26
  Dodge: Dodged            |     4 |    50 |    18 ||    72

Table legend: (Time is in decaauts)
 A = Elapsed time spent in this place.
 B = Non-inter-level travel time spent in this place.
 C = Inter-level travel time spent in this place.
 D = Time resting spent in this place.
 E = Time spent auto-exploring this place.
 F = Levels seen in this place.
 G = Mean time per level.
                   A        B        C        D        E       F      G
               +--------+--------+--------+--------+--------+-----+--------+
         Total |   1791 |   1423 |    368 |      0 |      0 |   5 |  358.2 |
       Dungeon |   1791 |   1423 |    368 |      0 |      0 |   5 |  358.2 |
               +--------+--------+--------+--------+--------+-----+--------+

Top non-repeatable levels by time:
     D:3: 876 daAuts
     D:1: 289 daAuts
     D:2: 257 daAuts
     D:4: 229 daAuts
     D:5: 139 daAuts
